 Dungeon Crawl Stone Soup version 0.18.1-50-g88ac8fd (webtiles) character file.

327 yungnami the Ducker (level 6, 0/61 HPs)
             Began as a Troll Berserker on Oct 3, 2016.
             Was a Priest of Trog.
             Slain by an orc
             ... wielding a +0 war axe
              (8 damage)
             ... on level 3 of the Dungeon.
             The game lasted 00:17:32 (1458 turns).

yungnami the Ducker (Troll Berserker)               Turns: 1458, Time: 00:17:33

Health: 0/61       AC:  5    Str: 28    XL:     6   Next: 24%
Magic:  5/5        EV: 11    Int:  3    God:    Trog [***...]
Gold:   188        SH:  0    Dex:  9    Spells: 0 memorised, 5 levels left

rFire  . . .     SeeInvis .     q - +0 scythe
rCold  . . .     Gourm    +     i - +0 robe
rNeg   . . .     Faith    .     (shield currently unavailable)
rPois  .         Spirit   .     (helmet restricted)
rElec  .         Dismiss  .     (no cloak)
rCorr  .         Reflect  .     (gloves unavailable)
SustAt .         Harm     +     (boots unavailable)
MR     .....                    h - amulet of harm
Stlth  +.........               (no ring)
                                (no ring)

@: not resistant to hostile enchantments, very unstealthy
A: unfitting armour, claws 3, fast metabolism 3, gourmand, regeneration 2,
shaggy fur 1, tough skin 2
a: Berserk, Trog's Hand, Burn Spellbooks, Renounce Religion


You were on level 3 of the Dungeon.
You worshipped Trog.
Trog was most pleased with you.
You were completely stuffed.

You visited 1 branch of the dungeon, and saw 4 of its levels.

You collected 188 gold pieces.

Inventory:

Hand Weapons
 d - a +0 halberd
 m - a +0 mace
 q - a +0 scythe (weapon)
Missiles
 c - 81 stones (quivered)
Armour
 a - a +0 animal skin
 e - a +0 chain mail
 i - a +0 robe (worn)
Jewellery
 h - an amulet of harm (around neck)
Wands
 j - a wand of lightning (8/15)
Scrolls
 r - a scroll of amnesia {unknown}
Potions
 k - 2 potions of curing
 l - 2 potions of haste
 n - a potion of heal wounds {unknown}
 o - a potion of resistance {unknown}
Comestibles
 b - 2 bread rations
 f - 3 fruits
 g - a royal jelly
 p - 4 chunks of flesh


   Skills:
 + Level 3.6 Fighting
 + Level 0.5 Maces & Flails
 + Level 1.0 Polearms
 + Level 4.3 Dodging
 + Level 4.0 Unarmed Combat


You had 5 spell levels left.
You didn't know any spells.

Dungeon Overview and Level Annotations

Branches:
Dungeon (4/15)
 Temple: D:4-7

Altars:
Cheibriados
Gozag
Okawaru
The Shining One


Innate Abilities, Weirdness & Mutations

You are too large for most types of armour.
You have claws for hands.
Your metabolism is lightning-fast.
You like to eat raw meat.
You heal very quickly.
You are covered in fur (AC +1).
You have very tough skin (AC +2).


Message History

You barely miss the rat. The rat barely misses you.
The rat bites you but does no damage.
You closely miss the rat. The rat barely misses you.
The rat bites you but does no damage.
You closely miss the rat. The rat closely misses you. x2
You slice the rat!!
You kill the rat!
Trog accepts your kill.
The orc priest calls down the wrath of Beogh upon you.
Beogh smites you! The orc hits you with a war axe!
The orc priest invokes the aid of Beogh against you.
Beogh smites you!
* * * LOW HITPOINT WARNING * * *
An orc comes into view. It is wielding a club.
The orc barely misses you.
The orc priest calls down the wrath of Beogh upon you.
Beogh smites you!
* * * LOW HITPOINT WARNING * * *
The orc hits you with a war axe!
You die...

### ..#### #.#.. # #.#.#
#.####.#@######
#......o......##.>#
#$.#.#.#o##.#.##..#
#........##.#.##..###
##.#.#o####.#.#..... # #.#.#.#
#.#.#...#######
###.###.#.#†####.#.#..........
#.?.......#...........##...###
#..o.....................#


You could see an orc priest and an orc.

Vanquished Creatures
  Sigmund (D:3)
  A hound (D:4)
  Jessica (D:2)
  4 gnolls (D:2)
  2 adders
  A worm (D:2)
  2 dart slugs
  2 giant geckos
  An orc (D:3)
  A ball python (D:3)
  6 bats
  A giant cockroach (D:3)
  3 hobgoblins
  6 jackals
  4 giant newts
  4 goblins
  6 kobolds
  7 rats
53 creatures vanquished.

Vanquished Creatures (others)
  4 toadstools (D:1)
4 creatures vanquished.

Grand Total: 57 creatures vanquished

Notes
Turn   | Place    | Note
--------------------------------------------------------------
     0 | D:1      | yungnami the Troll Berserker began the quest for the Orb.
     0 | D:1      | Reached XP level 1. HP: 22/22 MP: 0/0
   321 | D:1      | Reached XP level 2. HP: 17/29 MP: 1/1
   480 | D:1      | Reached ** piety under Trog
   517 | D:2      | Reached XP level 3. HP: 33/36 MP: 2/2
   555 | D:2      | Found a snail-covered altar of Cheibriados.
   679 | D:2      | Noticed Jessica
   684 | D:2      | Killed Jessica
   688 | D:2      | Reached XP level 4. HP: 44/45 MP: 3/3
   752 | D:2      | Found an iron altar of Okawaru.
   971 | D:2      | Found a glowing golden altar of the Shining One.
  1240 | D:3      | Found an opulent altar of Gozag.
  1311 | D:4      | Reached XP level 5. HP: 47/53 MP: 4/4
  1329 | D:3      | Noticed Sigmund
  1370 | D:3      | Killed Sigmund
  1370 | D:3      | Reached skill level 1 in Polearms
  1370 | D:3      | Reached XP level 6. HP: 24/61 MP: 5/5
  1451 | D:3      | Reached *** piety under Trog
  1458 | D:3      | Slain by an orc

Skill      XL: |  1  2  3  4  5 |
---------------+----------------+-----
Fighting       | 3 |  3.6
Dodging        | 3 4 |  4.3
Polearms       | 1 |  1.0
Unarmed Combat | 4 |  4.0
Maces & Flails | |  0.5

Action                   |  1- 3 |  4- 6 || total
-------------------------+-------+-------++-------
Melee: Unarmed           |    70 |    16 ||    86
       Mace              |       |    42 ||    42
       Halberd           |       |    36 ||    36
       Punch             |       |     1 ||     1
       Scythe            |       |     9 ||     9
Throw: Stone             |     2 |       ||     2
Invok: Berserk           |       |     2 ||     2
  Use: Scroll            |     2 |     1 ||     3
  Eat: Chunk             |     8 |    10 ||    18
       Meat ration       |       |     1 ||     1
Armor: Animal skin       |    30 |       ||    30
       Robe              |       |    58 ||    58
Dodge: Dodged            |    36 |    77 ||   113
